 Dungeon Crawl Stone Soup version 0.19-a0-1738-gbb2db12 (webtiles) character file.

650 Psiweapon the Cutter (level 7, -1/40 HPs)
             Began as a Kobold Hunter on Oct 1, 2016.
             Slain by a centaur (5 damage)
             ... on level 5 of the Dungeon.
             The game lasted 00:13:47 (4514 turns).

Psiweapon the Cutter (Kobold Hunter)                Turns: 4514, Time: 00:13:47

Health: -1/40      AC:  7    Str:  7 (10) XL:     7   Next: 83%
Magic:  7/7        EV: 14    Int: 11 (12) God:
Gold:   184        SH:  0    Dex: 16 (17) Spells: 0 memorised, 6 levels left

rFire  . . .     SeeInvis .     D - +0 dagger (curse)
rCold  . . .     Gourm    .     c - +0 leather armour
rNeg   . . .     Faith    .     (shield restricted)
rPois  .         Spirit   .     (no helmet)
rElec  .         Dismiss  .     m - +1 cloak
rCorr  .         Reflect  .     (no gloves)
MR     .....     Harm     .     (no boots)
Stlth  +++.......               q - amulet of rage
                                (no ring)
                                e - +2 ring of protection

@: no status effects
A: carnivore 3
a: Evoke Berserk Rage


You were on level 5 of the Dungeon.
You were completely stuffed.

You visited 1 branch of the dungeon, and saw 5 of its levels.

You collected 184 gold pieces.

Inventory:

Hand Weapons
 a - a +2 hand crossbow
 b - a +0 short sword
 k - a +1 dagger of holy wrath
 B - a +1 short sword of draining
 D - a cursed +0 dagger (weapon)
Missiles
 d - 5 bolts
 g - 28 sling bullets
 r - 5 tomahawks (quivered)
 u - 19 poisoned needles
Armour
 c - a +0 leather armour (worn)
 m - a +1 cloak (worn)
Jewellery
 e - a +2 ring of protection (left hand)
 q - an amulet of rage (around neck)
 s - an uncursed ring of fire
 y - a cursed ring of teleportation
Wands
 z - a wand of paralysis (23/24)
Scrolls
 i - 4 scrolls of identify
 n - a scroll of recharging
Potions
 j - a potion of agility {unknown}
 l - a potion of degeneration
 p - a potion of might {unknown}
 t - 2 potions of haste
 v - a potion of flight {unknown}
 x - 2 potions of cure mutation {unknown}
 A - a potion of lignification
Comestibles
 f - 3 meat rations
 h - 2 beef jerkies
 o - 2 slices of pizza
 w - a chunk of flesh


   Skills:
 - Level 2.1 Fighting
 - Level 7.2 Short Blades
 - Level 6.8 Crossbows
 - Level 2.4 Dodging
 + Level 5.5 Stealth


You had 6 spell levels left.
You didn't know any spells.

Dungeon Overview and Level Annotations

Branches:
Dungeon (5/15)
 Temple: D:4-7

Altars:
Fedhas


Innate Abilities, Weirdness & Mutations

You are small and have problems with some larger weapons.
You are carnivorous and can eat meat at any time.


Message History

The centaur hits you.
* * * LOW HITPOINT WARNING * * *
You barely miss the centaur.
The centaur is heavily wounded.
The centaur closely misses you.
You barely miss the centaur.
The centaur is heavily wounded.
The centaur hits you.
* * * LOW HITPOINT WARNING * * *
You hit the centaur but do no damage.
The centaur is heavily wounded.
The centaur hits you.
* * * LOW HITPOINT WARNING * * *
You hit the centaur.
The centaur is heavily wounded.
The centaur hits you but does no damage.
You hit the centaur.
The centaur is severely wounded.
The centaur hits you.
You die...

#.#.>#.......
#.#.....#.## #.#.......#
..#.###...##### # .
#.........# #.. (# ..
#######.### #.# ##.#.##
#...# #.##....... #...#
#...c$^..# # #...#
#..@.....## .### #...#
##.......... ...# #...#
#...........
.#.###...####........#.#
.....................# #
.....................#
..<..........(.##.#..#
.#.###...####..........
...# #...# #..........


You could see a centaur.

Vanquished Creatures
  Grinder (D:3)
  An ogre (D:4)
  3 orc wizards
  2 orc priests
  3 worker ants (D:4)
  4 adders
  A howler monkey skeleton (D:4)
  3 worms
  7 dart slugs
  5 orcs
  8 giant cockroaches
  7 goblins
  7 hobgoblins
  9 kobolds
  3 quokkas
  A ball python (D:4)
  7 bats
  6 frilled lizards
  10 rats
88 creatures vanquished.

Notes
Turn   | Place    | Note
-------+----------+-------------------------------------------
     0 | D:1      | Psiweapon the Kobold Hunter began the quest for the Orb.
     0 | D:1      | Reached XP level 1. HP: 12/12 MP: 1/1
    33 | D:2      | Reached skill level 5 in Crossbows
    48 | D:2      | Reached XP level 2. HP: 17/17 MP: 2/2
   274 | D:2      | Reached XP level 3. HP: 21/21 MP: 3/3
   753 | D:1      | Reached XP level 4. HP: 23/26 MP: 4/4
  1960 | D:2      | Reached skill level 1 in Short Blades
  2043 | D:2      | Reached skill level 2 in Short Blades
  2043 | D:2      | Reached XP level 5. HP: 17/30 MP: 5/5
  2191 | D:2      | Found a blossoming altar of Fedhas.
  2376 | D:3      | Reached skill level 3 in Short Blades
  2386 | D:3      | Reached skill level 4 in Short Blades
  2517 | D:3      | Noticed Grinder
  2818 | D:3      | Reached XP level 6. HP: 35/35 MP: 6/6
  2862 | D:3      | Paralysed by Grinder for 4 turns
  2880 | D:3      | Paralysed by Grinder for 3 turns
  2885 | D:3      | Paralysed by Grinder for 7 turns
  2893 | D:3      | Killed Grinder
  2893 | D:3      | Reached skill level 7 in Short Blades
  2893 | D:3      | Reached XP level 7. HP: 16/40 MP: 7/7
  3639 | D:5      | Entered Level 5 of the Dungeon
  4270 | D:4      | Reached skill level 5 in Stealth
  4514 | D:5      | Slain by a centaur

Vault maps used:
D:1:      dpeg_arrival_round_a, minmay_tetromino_o2
D:2:      nicolae_overflow_hidden_temple
D:3:      lemuel_round_altar, uniq_grinder
D:4:      first_bread, serial_glass, glass_columns_a, glass_columns_b
D:5:      grunt_temple_overflow_magic_moments, uniq_pikel, uniq_menkaure

Skill      XL: |  1  2  3  4  5  6  7 |
---------------+----------------------+-----
Crossbows      | 5 6 |  6.8
Short Blades   | 2 4 7 |  7.2
Stealth        | 5 |  5.5
Fighting       | |  2.1
Dodging        | |  2.4

Action                   |  1- 3 |  4- 6 |  7- 9 || total
-------------------------+-------+-------+-------++-------
Melee: Short sword       |    58 |   144 |    47 ||   249
       Dagger            |       |    26 |    56 ||    82
 Fire: Hand crossbow     |    26 |    48 |    10 ||    84
Throw: Tomahawk          |       |     3 |       ||     3
Evoke: Wand              |       |       |     3 ||     3
  Use: Scroll            |     1 |     1 |     6 ||     8
       Potion            |       |     2 |     1 ||     3
 Stab: Sleeping          |     1 |       |     3 ||     4
       Paralysed         |       |       |     1 ||     1
  Eat: Chunk             |     8 |     6 |     6 ||    20
Armor: Leather armour    |    15 |    46 |    18 ||    79
       Skin              |       |     9 |       ||     9
Dodge: Dodged            |    57 |   158 |    56 ||   271
